| TOP OF THE 1ST |
|
Auburn Doubledays batting - Pitching for Batavia Muckdogs : RHP Ib Skovgaard
|
|
Pitching: RHP Ib Skovgaard
|
|
|
Batting: RHB Kevin Whitenack
|
0-0: Called Strike 0-1: Ball 1-1: Foul Ball, location: 2F 1-2: Ball 2-2: Foul Ball, location: 2F 2-2: Foul Ball, location: 2F 2-2: Ball 3-2: Foul Ball, location: 2F 3-2: Base on Balls
|
|
Batting: RHB Naofumi Ishida
|
0-0: Called Strike 0-1: Ball 1-1: Ball 2-1: Fly out, F7 (Flyball, 7D, EV 108.1 MPH)
|
|
Batting: LHB Nate Melendez
|
0-0: Called Strike 0-1: Fielders Choice at 2nd, 4-6 (Groundball, 34, EV 78.8 MPH)
|
|
Batting: RHB Slavik Nebrodov
|
0-0: Ball 1-0: Ball Nate Melendez steals 2nd base 2-0: Ball 3-0: Called Strike 3-1: Called Strike 3-2: Strikes out swinging
|
| Top of the 1st over - 0 runs, 0 hits, 0 errors, 1 left on base; Auburn 0 - Batavia 0 |
| BOTTOM OF THE 1ST |
|
Batavia Muckdogs batting - Pitching for Auburn Doubledays : RHP Josh Jenkins
|
|
Pitching: RHP Josh Jenkins
|
|
|
Batting: LHB Orlando Rivera
|
0-0: Ball 1-0: Ball 2-0: Swinging Strike 2-1: Ball 3-1: Base on Balls
|
|
Batting: RHB Manuel Taveras
|
0-0: Swinging Strike 0-1: Ball Orlando Rivera is caught stealing 2nd base 2-4 1-1: Ball 2-1: Ground out 5-3 (Groundball, 5, EV 92.5 MPH)
|
|
Batting: RHB Nate Crofts
|
0-0: Called Strike 0-1: Swinging Strike 0-2: Ball 1-2: Foul Ball, location: 2F 1-2: Foul Ball, location: 2F 1-2: Ball 2-2: Ground out 5-3 (Groundball, 5L, EV 103.1 MPH)
|
| Bottom of the 1st over - 0 runs, 0 hits, 0 errors, 0 left on base; Auburn 0 - Batavia 0 |
| TOP OF THE 2ND |
|
Auburn Doubledays batting - Pitching for Batavia Muckdogs : RHP Ib Skovgaard
|
|
Batting: RHB Jim Towle
|
0-0: Ball 1-0: SOLO HOME RUN (Flyball, 9D, EV 95.6 MPH), Distance : 369 ft
|
|
Batting: RHB Deshawn Boseman
|
0-0: Foul Ball, location: 2F 0-1: Foul Ball, location: 2F 0-2: Ball 1-2: Ball 2-2: Ball 3-2: Base on Balls
|
|
Batting: RHB Victor Cintron
|
0-0: Ball 1-0: Called Strike 1-1: Ball 2-1: Called Strike 2-2: Fielders Choice at 2nd, 5-4 (Groundball, 56, EV 105.6 MPH)
|
|
Batting: RHB Bobby Bricker
|
0-0: Ball 1-0: Ball 2-0: Called Strike 2-1: Swinging Strike 2-2: Foul Ball, location: 2F 2-2: Ball 3-2: Foul Ball, location: 2F 3-2: Strikes out swinging
|
|
Batting: RHB Travis Stanley
|
0-0: Ball Victor Cintron steals 2nd base 1-0: Ball 2-0: Swinging Strike 2-1: Called Strike 2-2: Ball 3-2: Base on Balls
|
|
Batting: RHB Kevin Whitenack
|
0-0: Ball 1-0: Ball 2-0: Foul Ball, location: 2F 2-1: Swinging Strike 2-2: Ball 3-2: Hit by Pitch Victor Cintron to third Travis Stanley to second
|
|
Batting: RHB Naofumi Ishida
|
0-0: Called Strike 0-1: Ball 1-1: Ball 2-1: Ball 3-1: Base on Balls Victor Cintron scores Travis Stanley to third Kevin Whitenack to second
|
|
Batting: LHB Nate Melendez
|
0-0: Ball 1-0: Ball 2-0: SINGLE (Groundball, 4D, EV 107.5 MPH) Travis Stanley scores Kevin Whitenack to third Naofumi Ishida to second Runner from 3rd tries for Home, throw by RF and OUT! 9-2
|
| Top of the 2nd over - 3 runs, 2 hits, 0 errors, 2 left on base; Auburn 3 - Batavia 0 |
| BOTTOM OF THE 2ND |
|
Batavia Muckdogs batting - Pitching for Auburn Doubledays : RHP Josh Jenkins
|
|
Batting: RHB Orlando Landa
|
0-0: Called Strike 0-1: Foul Ball, location: 2F 0-2: Fly out, F8 (Flyball, 8LD, EV 100.0 MPH)
|
|
Batting: LHB Matt McKeon
|
0-0: Ball 1-0: Ball 2-0: Called Strike 2-1: Ball 3-1: Called Strike 3-2: Foul Ball, location: 2F 3-2: Strikes out swinging
|
|
Batting: RHB Tony Ledezma
|
0-0: Ball 1-0: Ground out 4-3 (Groundball, 4, EV 82.5 MPH)
|
| Bottom of the 2nd over - 0 runs, 0 hits, 0 errors, 0 left on base; Auburn 3 - Batavia 0 |
| TOP OF THE 3RD |
|
Auburn Doubledays batting - Pitching for Batavia Muckdogs : RHP Ib Skovgaard
|
|
Pitching: LHP Calvin Morin
|
|
|
Batting: RHB Slavik Nebrodov
|
0-0: Called Strike 0-1: Ball 1-1: Called Strike 1-2: SOLO HOME RUN (Flyball, 7LD, EV 92.5 MPH), Distance : 352 ft
|
|
Batting: RHB Jim Towle
|
0-0: Called Strike 0-1: Ball 1-1: Fly out, F8 (Flyball, 8LD, EV 109.4 MPH)
|
|
Batting: RHB Deshawn Boseman
|
0-0: Ball 1-0: Fly out, F4 (Popup, 34D, EV 61.9 MPH)
|
|
Batting: RHB Victor Cintron
|
0-0: Fly out, F9 (Flyball, 9D, EV 90.6 MPH)
|
| Top of the 3rd over - 1 run, 1 hit, 0 errors, 0 left on base; Auburn 4 - Batavia 0 |
| BOTTOM OF THE 3RD |
|
Batavia Muckdogs batting - Pitching for Auburn Doubledays : RHP Josh Jenkins
|
|
Batting: RHB Chris Alft
|
0-0: Foul Ball, location: 2F 0-1: Ball 1-1: Ball 2-1: Foul Ball, location: 2F 2-2: Strikes out swinging
|
|
Batting: SHB Justin Corbett
|
0-0: Ball 1-0: Foul Ball, location: 2F 1-1: Ground out 4-3 (Groundball, 4, EV 87.5 MPH)
|
|
Batting: RHB Axel Moltke
|
0-0: Ball 1-0: Foul Ball, location: 2F 1-1: Called Strike 1-2: Strikes out swinging
|
| Bottom of the 3rd over - 0 runs, 0 hits, 0 errors, 0 left on base; Auburn 4 - Batavia 0 |
| TOP OF THE 4TH |
|
Auburn Doubledays batting - Pitching for Batavia Muckdogs : LHP Calvin Morin
|
|
Batting: RHB Bobby Bricker
|
0-0: Called Strike 0-1: SINGLE (Groundball, 6D, EV 100.0 MPH)
|
|
Batting: RHB Travis Stanley
|
0-0: Ball Bobby Bricker is caught stealing 2nd base 2-4 1-0: Ground out 6-3 (Groundball, 56D, EV 81.2 MPH)
|
|
Batting: RHB Kevin Whitenack
|
0-0: Ball 1-0: Foul Ball, location: 2F 1-1: Ball 2-1: Foul Ball, location: 2F 2-2: SOLO HOME RUN (Flyball, 7D, EV 98.1 MPH), Distance : 407 ft
|
|
Batting: RHB Naofumi Ishida
|
0-0: Ball 1-0: Fly out, F8 (Flyball, 8RXD, EV 103.1 MPH)
|
| Top of the 4th over - 1 run, 2 hits, 0 errors, 0 left on base; Auburn 5 - Batavia 0 |
| BOTTOM OF THE 4TH |
|
Batavia Muckdogs batting - Pitching for Auburn Doubledays : RHP Josh Jenkins
|
|
Batting: LHB Orlando Rivera
|
0-0: Swinging Strike 0-1: Ball 1-1: Foul Ball, location: 2F 1-2: Ball 2-2: Ball 3-2: Base on Balls
|
|
Batting: RHB Manuel Taveras
|
0-0: Called Strike Orlando Rivera is caught stealing 2nd base 2-4 0-1: Foul Ball, location: 2F 0-2: Foul Ball, location: 2F 0-2: Ball 1-2: Foul Ball, location: 2F 1-2: Ball 2-2: Foul Ball, location: 2F 2-2: Foul Ball, location: 2F 2-2: Ball 3-2: Foul Ball, location: 2F 3-2: Strikes out looking
|
|
Batting: RHB Nate Crofts
|
0-0: Ball 1-0: Foul Ball, location: 2F 1-1: Ball 2-1: Ball 3-1: SINGLE (Groundball, 4M, EV 105.6 MPH)
|
|
Batting: RHB Orlando Landa
|
0-0: Called Strike 0-1: Fielders Choice at 2nd, 5-4 (Groundball, 56, EV 89.4 MPH)
|
| Bottom of the 4th over - 0 runs, 1 hit, 0 errors, 1 left on base; Auburn 5 - Batavia 0 |
| TOP OF THE 5TH |
|
Auburn Doubledays batting - Pitching for Batavia Muckdogs : LHP Calvin Morin
|
|
Batting: LHB Nate Melendez
|
0-0: Ball 1-0: Ball 2-0: Fly out, F7 (Flyball, 78M, EV 85.6 MPH)
|
|
Batting: RHB Slavik Nebrodov
|
0-0: Called Strike 0-1: Ground out 6-3 (Groundball, 56, EV 86.9 MPH)
|
|
Batting: RHB Jim Towle
|
0-0: Ball 1-0: Ball 2-0: Ball 3-0: Base on Balls
|
|
Batting: RHB Deshawn Boseman
|
0-0: Fielders Choice at 2nd, 6-4 (Groundball, 6, EV 93.8 MPH)
|
| Top of the 5th over - 0 runs, 0 hits, 0 errors, 1 left on base; Auburn 5 - Batavia 0 |
| BOTTOM OF THE 5TH |
|
Batavia Muckdogs batting - Pitching for Auburn Doubledays : RHP Josh Jenkins
|
|
Batting: LHB Matt McKeon
|
0-0: Swinging Strike 0-1: Swinging Strike 0-2: Ball 1-2: Ball 2-2: Ground out 6-3 (Groundball, 6, EV 100.0 MPH)
|
|
Batting: RHB Tony Ledezma
|
0-0: Ball 1-0: Foul Ball, location: 2F 1-1: Ball 2-1: Swinging Strike 2-2: Foul Ball, location: 2F 2-2: Hit by Pitch
|
|
Pitching: RHP John Kovach
|
|
|
Batting: RHB Chris Alft
|
0-0: Called Strike 0-1: Swinging Strike 0-2: Foul Ball, location: 2F 0-2: Strikes out looking
|
|
Batting: SHB Justin Corbett
|
0-0: Called Strike 0-1: Foul Ball, location: 2F 0-2: Strikes out swinging
|
| Bottom of the 5th over - 0 runs, 0 hits, 0 errors, 1 left on base; Auburn 5 - Batavia 0 |
| TOP OF THE 6TH |
|
Auburn Doubledays batting - Pitching for Batavia Muckdogs : LHP Calvin Morin
|
|
Batting: RHB Victor Cintron
|
0-0: Ball 1-0: Called Strike 1-1: Foul Ball, location: 2F 1-2: Ball 2-2: Ball 3-2: Base on Balls
|
|
Batting: RHB Bobby Bricker
|
0-0: Ball Wild Pitch! Victor Cintron to second 1-0: Foul Ball, location: 2F 1-1: Foul Ball, location: 2F 1-2: Strikes out swinging
|
|
Batting: RHB Travis Stanley
|
0-0: Called Strike 0-1: Ball 1-1: Swinging Strike 1-2: Ball 2-2: Ball Wild Pitch! Victor Cintron to third 3-2: Base on Balls
|
|
Batting: RHB Kevin Whitenack
|
0-0: Ball 1-0: Ball 2-0: Swinging Strike 2-1: Foul Ball, location: 2F 2-2: Foul Ball, location: 2F 2-2: Strikes out looking Travis Stanley steals 2nd base Batter strikes out.
|
|
Batting: RHB Naofumi Ishida
|
0-0: SINGLE (Flyball, 89S, EV 88.1 MPH) Victor Cintron scores Travis Stanley to third Runner from 3rd tries for Home, SAFE, throw by RF to home
|
|
Batting: LHB Nate Melendez
|
0-0: Ball 1-0: Ball 2-0: Ball 3-0: Base on Balls Naofumi Ishida to second
|
|
Batting: RHB Slavik Nebrodov
|
0-0: Called Strike Balk! Naofumi Ishida to third Nate Melendez to second 0-1: Ball 1-1: Ball 2-1: Ball 3-1: Base on Balls
|
|
Pitching: RHP Eric Jordan
|
|
|
Batting: RHB Jim Towle
|
0-0: Ball 1-0: Called Strike 1-1: Ball 2-1: Swinging Strike 2-2: Fly out, F8 (Flyball, 8RM, EV 74.4 MPH)
|
| Top of the 6th over - 2 runs, 1 hit, 0 errors, 3 left on base; Auburn 7 - Batavia 0 |
| BOTTOM OF THE 6TH |
|
Batavia Muckdogs batting - Pitching for Auburn Doubledays : RHP John Kovach
|
|
Batting: RHB Axel Moltke
|
0-0: Called Strike 0-1: Ball 1-1: Swinging Strike 1-2: Ball 2-2: Strikes out swinging
|
|
Batting: LHB Orlando Rivera
|
0-0: Foul Ball, location: 2F 0-1: Called Strike 0-2: Ball 1-2: SINGLE (Flyball, 78S, EV 93.1 MPH)
|
|
Batting: RHB Manuel Taveras
|
0-0: Called Strike Orlando Rivera steals 2nd base 0-1: Ball 1-1: Foul Ball, location: 2F 1-2: Ball 2-2: Ground out U3 (Groundball, 3, EV 86.2 MPH) Orlando Rivera to third
|
|
Batting: RHB Nate Crofts
|
0-0: Fly out, F8 (Flyball, 8RD, EV 97.5 MPH)
|
| Bottom of the 6th over - 0 runs, 1 hit, 0 errors, 1 left on base; Auburn 7 - Batavia 0 |
| TOP OF THE 7TH |
|
Auburn Doubledays batting - Pitching for Batavia Muckdogs : RHP Eric Jordan
|
|
Batting: RHB Deshawn Boseman
|
0-0: Foul Ball, location: 2F 0-1: Ball 1-1: Fly out, F8 (Flyball, 78M, EV 98.1 MPH)
|
|
Batting: RHB Victor Cintron
|
0-0: Foul Ball, location: 2F 0-1: Foul Ball, location: 2F 0-2: Ball 1-2: Ground out 6-3 (Groundball, 6M, EV 105.0 MPH)
|
|
Batting: RHB Bobby Bricker
|
0-0: SINGLE (Groundball, 6MS, EV 60.6 MPH) (infield hit)
|
|
Batting: RHB Travis Stanley
|
0-0: Called Strike 0-1: Ball 1-1: Ground out 1-3 (Groundball, 23, EV 65.6 MPH)
|
| Top of the 7th over - 0 runs, 1 hit, 0 errors, 1 left on base; Auburn 7 - Batavia 0 |
| BOTTOM OF THE 7TH |
|
Batavia Muckdogs batting - Pitching for Auburn Doubledays : RHP John Kovach
|
|
Batting: RHB Orlando Landa
|
0-0: Called Strike 0-1: Ball 1-1: Ball 2-1: SINGLE (Line Drive, 7S, EV 86.9 MPH)
|
|
Pitching: LHP Gregg Huddleston
|
|
|
Batting: LHB Matt McKeon
|
0-0: Swinging Strike 0-1: Ball 1-1: Ball 2-1: 2-RUN HOME RUN (Flyball, 89XD, EV 101.9 MPH), Distance : 413 ft
|
|
Batting: RHB Tony Ledezma
|
0-0: Called Strike 0-1: Ball 1-1: Called Strike 1-2: Ball 2-2: Foul Ball, location: 2F 2-2: Ball 3-2: SINGLE (Flyball, 78S, EV 96.2 MPH)
|
|
Batting: RHB Chris Alft
|
0-0: Foul Ball, location: 2F 0-1: Ball 1-1: Swinging Strike 1-2: Foul Ball, location: 2F 1-2: Strikes out swinging
|
|
Batting: SHB Justin Corbett
|
0-0: SINGLE (Groundball, 6D, EV 106.9 MPH) Tony Ledezma to second
|
|
Batting: RHB Axel Moltke
|
0-0: Called Strike 0-1: Called Strike 0-2: Ball 1-2: Ball 2-2: Strikes out swinging
|
|
Batting: LHB Orlando Rivera
|
0-0: Ball 1-0: Fielders Choice at 2nd, 6-4 (Groundball, 4M, EV 86.2 MPH)
|
| Bottom of the 7th over - 2 runs, 4 hits, 0 errors, 2 left on base; Auburn 7 - Batavia 2 |
| TOP OF THE 8TH |
|
Auburn Doubledays batting - Pitching for Batavia Muckdogs : RHP Eric Jordan
|
|
Batting: RHB Kevin Whitenack
|
0-0: Ball 1-0: Foul Ball, location: 2F 1-1: Foul Ball, location: 2F 1-2: Foul Ball, location: 2F 1-2: Foul Ball, location: 2F 1-2: Foul Ball, location: 2F 1-2: Hit by Pitch
|
|
Batting: RHB Naofumi Ishida
|
0-0: Ball Balk! Kevin Whitenack to second 1-0: Swinging Strike 1-1: Ball 2-1: Ball Kevin Whitenack steals 3rd base 3-1: SINGLE (Line Drive, 78S, EV 110.6 MPH) Kevin Whitenack scores
|
|
Batting: LHB Nate Melendez
|
0-0: Ball 1-0: Called Strike Naofumi Ishida steals 2nd base 1-1: Called Strike 1-2: Ball 2-2: SINGLE (Line Drive, 7S, EV 104.4 MPH) Naofumi Ishida to third Runner from 3rd tries for Home, SAFE, throw by LF to home
|
|
Batting: RHB Slavik Nebrodov
|
0-0: Hit by Pitch Nate Melendez to second
|
|
Batting: RHB Jim Towle
|
0-0: Foul Ball, location: 2F 0-1: Ball 1-1: SINGLE (Groundball, P, EV 91.2 MPH) (infield hit) Nate Melendez to third Slavik Nebrodov to second
|
|
Batting: RHB Deshawn Boseman
|
0-0: Called Strike 0-1: Ball 1-1: Grounds into double play, 5-4-3 (Groundball, 56, EV 103.8 MPH) Nate Melendez scores Slavik Nebrodov to third
|
|
Batting: RHB Victor Cintron
|
0-0: Ball 1-0: Ball 2-0: Ball 3-0: Base on Balls
|
|
Batting: RHB Bobby Bricker
|
0-0: Ball 1-0: Foul Ball, location: 2F 1-1: SINGLE (Line Drive, 8RS, EV 103.8 MPH) Slavik Nebrodov scores Victor Cintron to second
|
|
Batting: RHB Travis Stanley
|
0-0: Ball 1-0: Foul Ball, location: 2F 1-1: Foul Ball, location: 2F 1-2: Ball 2-2: Fly out, F9 (Line Drive, 89S, EV 95.0 MPH)
|
| Top of the 8th over - 4 runs, 4 hits, 0 errors, 2 left on base; Auburn 11 - Batavia 2 |
| BOTTOM OF THE 8TH |
|
Batavia Muckdogs batting - Pitching for Auburn Doubledays : LHP Gregg Huddleston
|
|
Batting: RHB Manuel Taveras
|
0-0: Ball 1-0: Swinging Strike 1-1: Ball 2-1: Called Strike 2-2: Fly out, F8 (Flyball, 78M, EV 83.1 MPH)
|
|
Pitching: RHP Caleb Westbay
|
|
|
Batting: RHB Nate Crofts
|
0-0: Ball 1-0: Called Strike 1-1: Foul Ball, location: 2F 1-2: Ball 2-2: Strikes out swinging
|
|
Batting: RHB Orlando Landa
|
0-0: Swinging Strike 0-1: Swinging Strike 0-2: Ball 1-2: Ball 2-2: Foul Ball, location: 2F 2-2: Ball 3-2: Ground out 5-3 (Groundball, 5S, EV 71.9 MPH)
|
| Bottom of the 8th over - 0 runs, 0 hits, 0 errors, 0 left on base; Auburn 11 - Batavia 2 |
| TOP OF THE 9TH |
|
Auburn Doubledays batting - Pitching for Batavia Muckdogs : RHP Eric Jordan
|
|
Batting: RHB Kevin Whitenack
|
0-0: Called Strike 0-1: Ball 1-1: Hit by Pitch
|
|
Batting: RHB Naofumi Ishida
|
0-0: Ball 1-0: Ball 2-0: SINGLE (Line Drive, 34, EV 103.1 MPH) Kevin Whitenack to second
|
|
Batting: LHB Nate Melendez
|
0-0: Ball 1-0: DOUBLE (Line Drive, 78XD, EV 105.6 MPH) Kevin Whitenack scores Naofumi Ishida to third
|
|
Pitching: RHP Bob Raine
|
|
|
Batting: RHB Slavik Nebrodov
|
0-0: Foul Ball, location: 2F 0-1: Ball 1-1: Fly out, F8 (Line Drive, 8LM, EV 90.0 MPH) Runner from 3rd tags up, SCORES, no throw by CF
|
|
Batting: RHB Jim Towle
|
0-0: Ball 1-0: Ball Balk! Nate Melendez to third 2-0: Ball 3-0: Base on Balls
|
|
Batting: RHB Deshawn Boseman
|
0-0: Fielders Choice at 2nd, 5-4 (Groundball, 56S, EV 80.6 MPH) Nate Melendez scores
|
|
Batting: RHB Victor Cintron
|
0-0: Called Strike 0-1: Called Strike 0-2: Hit by Pitch Deshawn Boseman to second
|
|
Batting: RHB Bobby Bricker
|
0-0: Ball 1-0: Swinging Strike 1-1: Foul Ball, location: 2F 1-2: Ball 2-2: Ball 3-2: Base on Balls Deshawn Boseman to third Victor Cintron to second
|
|
Batting: RHB Travis Stanley
|
0-0: Swinging Strike 0-1: Swinging Strike 0-2: Strikes out swinging
|
| Top of the 9th over - 3 runs, 2 hits, 0 errors, 3 left on base; Auburn 14 - Batavia 2 |
| BOTTOM OF THE 9TH |
|
Batavia Muckdogs batting - Pitching for Auburn Doubledays : RHP Caleb Westbay
|
|
Batting: LHB Matt McKeon
|
0-0: Foul Ball, location: 2F 0-1: Swinging Strike 0-2: Foul Ball, location: 2F 0-2: SINGLE (Groundball, 34D, EV 106.2 MPH)
|
|
Batting: RHB Tony Ledezma
|
0-0: Called Strike 0-1: Called Strike 0-2: Ball 1-2: Strikes out looking
|
|
Pinch Hitting: RHB Chris Riddick
|
0-0: Ball 1-0: Ball 2-0: Ball 3-0: Called Strike 3-1: Grounds into double play, 5-4-3 (Groundball, 15, EV 84.4 MPH)
|
| Bottom of the 9th over - 0 runs, 1 hit, 0 errors, 0 left on base; Auburn 14 - Batavia 2 |
|